 Dungeon Crawl Stone Soup version 0.29.1-2-gbd0b4ee654 (webtiles) character file.

Game seed: 10959214948944750210

126 safid the Shooter (level 4, 0/41 HPs)
             Began as a Minotaur Hunter on Nov 17, 2022.
             Constricted to death by a ball python (1 damage)
             ... on level 3 of the Dungeon.
             The game lasted 00:02:26 (1753 turns).

safid the Shooter (Minotaur Hunter)                 Turns: 1753, Time: 00:02:27

Health: 0/41       AC:  3    Str: 16    XL:     4   Next: 84%
Magic:  3/3        EV:  9    Int:  6    God:
Gold:   159        SH:  0    Dex: 15    Spells: 3/3 levels left

rFire   . . .      SeeInvis .   a - +0 shortbow
rCold   . . .      Faith    .   (shield currently unavailable)
rNeg    . . .      Spirit   .   c - +0 leather armour
rPois   .          Reflect  .   (helmet restricted)
rElec   .          Harm     .   (no cloak)
rCorr   .          Rampage  .   (no gloves)
Will    .....                   (no boots)
Stlth   +.........              (no amulet)
HPRegen 0.13/turn               (no ring)
MPRegen 0.08/turn               (no ring)

@: constricted
A: horns 2, retaliatory headbutt
a: no special abilities


You were on level 3 of the Dungeon.
You visited 1 branch of the dungeon, and saw 3 of its levels.

You collected 159 gold pieces.

Inventory:

Hand Weapons
 a - a +0 shortbow (weapon)
Missiles
 h - a throwing net
Armour
 c - a +0 leather armour (worn)
Scrolls
 b - 3 scrolls of immolation
 e - 2 scrolls of identify {unknown}
Potions
 d - a potion of invisibility {unknown}
 f - 2 potions of haste {unknown}
 g - 2 potions of resistance {unknown}


   Skills:
 + Level 4.6 Fighting
 + Level 5.7 Ranged Weapons
 - Level 2.1 Dodging
 - Level 0.7 Stealth


You had 3 spell levels left.
You didn't know any spells.
Your spell library contained the following spells:

 Spells                   Type           Power      Damage    Failure   Level
 Apportation              Tloc           0%         N/A       52%         1
 Blink                    Tloc           0%         N/A       67%         2
 Gell's Gravitas          Tloc           0%         N/A       88%         3
 Lesser Beckoning         Tloc           0%         N/A       88%         3
 Ozocubu's Armour         Ice            0%         N/A       88%         3
 Teleport Other           Tloc           0%         N/A       88%         3
 Alistair's Intoxication  Tmut/Pois      0%         N/A       100%        5
 Manifold Assault         Tloc           0%         N/A       100%        5
 Ozocubu's Refrigeration  Ice            0%         4d7       100%        7
 Storm Form               Tmut/Air       0%         N/A       100%        7


Dungeon Overview and Level Annotations

Branches:
Dungeon (3/15)

Altars:

Shops:
D:2 ((


Innate Abilities, Weirdness & Mutations

You have a pair of horns on your head.
You reflexively headbutt those who attack you in melee.


Message History

The arrow hits the phantom but does no damage.
The phantom is severely damaged.
The phantom hits you.
* * * LOW HITPOINT WARNING * * *
The phantom blinks!
You blink.
The ball python loses its grip on you.
Found 6 gold pieces.
Unknown command.
Fire: a) +0 shortbow
Press: ? - help, Q - select action, (/) - cycle Shift-Dir - straight line, f/p - phantom
Aim: a phantom (severely damaged, 53% to hit)
You shoot an arrow.
The arrow completely misses the phantom.
The ball python barely misses you. The ball python grabs you.
The ball python constricts you. The phantom hits you.
* * * LOW HITPOINT WARNING * * *
The hobgoblin closely misses you. You furiously retaliate!
You headbutt the hobgoblin. The hobgoblin hits you.
* * * LOW HITPOINT WARNING * * *
The ball python barely misses you. The ball python constricts you.
The phantom hits you but does no damage.
Fire: a) +0 shortbow
Press: ? - help, Q - select action, (/) - cycle Shift-Dir - straight line, f/p - phantom
Aim: a phantom (severely damaged, 53% to hit)
You shoot an arrow. The arrow closely misses the phantom.
The ball python bites you but does no damage.
The ball python constricts you. The phantom hits you.
* * * LOW HITPOINT WARNING * * *
The hobgoblin hits you but does no damage.
The worm bites you.
* * * LOW HITPOINT WARNING * * *
Unknown command.
Fire: a) +0 shortbow
Press: ? - help, Q - select action, (/) - cycle Shift-Dir - straight line, f/p - phantom
Aim: a phantom (severely damaged, 53% to hit)
You shoot an arrow. The arrow hits the phantom.
The phantom is almost destroyed.
The ball python bites you.
* * * LOW HITPOINT WARNING * * *
The ball python constricts you.
You die...

....$#. # .......
#. ....... ...#.#
......# ..#..
...... ..#.##.....
####.#..#w#.#
......#W@...#
..#....Sg..####
#.............#
#.......g.)...#####
##.#..............#
..................#
.#.......>........#
...#...........>..#
##
#..............##


You could see a phantom, a worm, a hobgoblin (strong), a goblin and a ball
python.

Vanquished Creatures
  Jessica (D:2)
  4 gnolls (D:3)
  2 adders (D:2)
  A worm (D:3)
  2 dart slugs (D:2)
  5 ball pythons
  4 endoplasms
  5 goblins
  2 hobgoblins
  2 jackals (D:2)
  4 quokkas
  A bat (D:2)
  3 kobolds (D:2)
  3 rats
39 creatures vanquished.

Notes
Turn   | Place    | Note
-------+----------+-------------------------------------------
     0 | D:1      | safid the Minotaur Hunter began the quest for the Orb.
     0 | D:1      | Reached XP level 1. HP: 18/18 MP: 0/0
   190 | D:1      | Found a faded altar of an unknown god.
   471 | D:1      | Reached XP level 2. HP: 23/25 MP: 1/1
   833 | D:2      | Noticed Jessica
   838 | D:2      | Killed Jessica
   839 | D:2      | Reached skill level 5 in Ranged Weapons
   839 | D:2      | Reached XP level 3. HP: 33/33 MP: 2/2
   954 | D:2      | Found Buhus's Weapon Emporium.
  1058 | D:2      | Reached XP level 4. HP: 40/40 MP: 3/3
  1286 | D:2      | Found Rimum's Antique Weapon Emporium.
  1735 | D:3      | Noticed a phantom
  1753 | D:3      | HP: 1/41 [ball python (2)]
  1753 | D:3      | Constricted to death by a ball python

Illustrated notes

Levels and vault maps discovered:
D:1:      matt_arrival_spirals, layout_basic, shapermc_ecumenical_altar_venn,
          hangedman_abyss_or_decor_lesser_grid, minmay_misc_feat_rugged,
          minmay_split_cup_small
D:2:      layout_loops_cross, serial_shops, shop,
          nicolae_shop_bloodbath_and_beyond, uniq_jessica
D:3:      layout_rooms, nicolae_overflow_hidden_temple, bh_walls_and_bars

Skill      XL: |  1  2  3 |
---------------+----------+-----
Fighting       | 3 4 |  4.6
Ranged Weapons | 5 |  5.7
Dodging        | |  2.1
Stealth        | |  0.7

Action                   |  1- 3 |  4- 6 || total
-------------------------+-------+-------++-------
 Fire: Shortbow          |    71 |    57 ||   128
Armor: Leather armour    |    11 |     7 ||    18
Dodge: Dodged            |    24 |    22 ||    46
